 Dungeon Crawl Stone Soup version 0.32-a0-616-g9348d4545b (console) character file.

Game seed: 12374104951502374923

2040963 elliptic the Conqueror (level 26, 266/266 HPs)
             Began as a Coglin Hunter on Mar 5, 2024.
             Was a High Priest of Okawaru.
             Escaped with the Orb
             ... and 3 runes!
             The game lasted 02:31:08 (46444 turns).

elliptic the Conqueror (Coglin Hunter)             Turns: 46444, Time: 02:31:09

Health: 266/266    AC: 25    Str: 19    XL:     26   Next: 93%
Magic:  32/32      EV: 41    Int:  8    God:    Okawaru [*****.]
Gold:   6805       SH:  0    Dex: 37    Spells: 25/25 levels left

rFire   + . .        a - +9 hand cannon (heavy) {norare}
rCold   . . .        b - +10 sling {speed, ^Fragile Str+7}
rNeg    . . .        c - +5 faerie dragon scales {rElec rCorr Dex+3 Stlth+, nodragon}
rPois   +            f - +1 helmet of the Dancing Gods {rPois Str+2}
rElec   +            t - +0 cloak of Nihilism {Int-4 Dex+2 Slay+2}
rCorr   +            C - +0 pair of gloves of Gallantry {Regen+ rCorr}
SInv    .            S - +0 pair of boots of Slimy Creativity {Will+ Str-3 Dex+7 Stlth+}
Will    +++..        (amulet unavailable)
Stlth   ++           (ring unavailable)
HPRegen 1.44/turn    (ring unavailable)
MPRegen 0.23/turn    P
                       - N-70 turbomodule {rF+ Will+ Clar RMsl}

%: repel missiles, clarity
@: no status effects
A: off-hand wielding, slow wielding, warmup strikes, no jewellery, robust 1
0: Orb of Zot
}: 3/15 runes: serpentine, barnacled, silver
a: Renounce Religion, Heroism, Finesse, Duel


You escaped.
You worshipped Okawaru.
Okawaru was extremely pleased with you.
You visited 11 branches of the dungeon, and saw 51 of its levels.
You also visited: Trove, Ossuary and Ice Cave.

You collected 10358 gold pieces.
You spent 3553 gold pieces at shops.


Innate Abilities, Weirdness & Mutations

You can wield a second weapon in your off-hand.
It takes a long time for you to wield or remove held weapons.
Your first few attacks do less damage.
You cannot equip rings or amulets.
You are robust. (+10% HP)


   Skills:
 O Level 27 Fighting
 - Level 18.0 Ranged Weapons
 + Level 20.9 Armour
 - Level 22.0 Dodging
 - Level 0.7 Stealth
 - Level 12.0 Invocations
 - Level 4.4 Evocations


You had 25 spell levels left.
You didn't know any spells.
Your spell library contained the following spells:

 Spells                   Type           Power      Damage    Failure   Level
 Kiss of Death            Conj/Necr      0%         2d5       45%         1
 Magic Dart               Conj           0%         1d3       45%         1
 Necrotise                Necr           0%         1d4       45%         1
 Sandblast                Erth           0%         2d4       45%         1
 Slow                     Hex            0%         N/A       45%         1
 Sting                    Conj/Alch      0%         1d3       45%         1
 Blink                    Tloc           0%         N/A       58%         2
 Jinxbite                 Hex            0%         N/A       58%         2
 Lesser Beckoning         Tloc           0%         N/A       58%         2
 Mercury Vapours          Alch/Air       0%         N/A       58%         2
 Momentum Strike          Conj/Tloc      0%         3d8       58%         2
 Static Discharge         Conj/Air       0%         3-3/arc   58%         2
 Sublimation of Blood     Necr           0%         N/A       58%         2
 Confusing Touch          Hex            0%         N/A       83%         3
 Dazzling Flash           Conj/Hex       0%         N/A       83%         3
 Frozen Ramparts          Ice            0%         1d1       83%         3
 Fugue of the Fallen      Necr           0%         N/A       83%         3
 Gell's Gravitas          Tloc           0%         N/A       83%         3
 Hailstorm                Conj/Ice       0%         3d5       83%         3
 Ozocubu's Armour         Ice            0%         N/A       83%         3
 Passwall                 Erth           0%         N/A       83%         3
 Sigil of Binding         Hex            0%         N/A       83%         3
 Stone Arrow              Conj/Erth      0%         3d7       83%         3
 Teleport Other           Tloc           0%         N/A       83%         3
 Vampiric Draining        Necr           0%         2d6       83%         3
 Volatile Blastmotes      Fire/Tloc      0%         2d10      83%         3
 Airstrike                Air            0%         2d(0-16)  99%         4
 Anguish                  Hex/Necr       0%         N/A       99%         4
 Brom's Barrelling Bould  Conj/Erth      0%         2d3       99%         4
 Cause Fear               Hex            0%         N/A       99%         4
 Dimensional Bullseye     Hex/Tloc       0%         N/A       99%         4
 Dispel Undead            Necr           0%         3d6       99%         4
 Fulminant Prism          Conj/Alch      0%         3d5       99%         4
 Ignite Poison            Fire/Alch      0%         N/A       99%         4
 Iskenderun's Mystic Bla  Conj/Tloc      0%         2d3       99%         4
 Leda's Liquefaction      Alch/Erth      0%         N/A       99%         4
 Manifold Assault         Tloc           0%         N/A       99%         4
 Olgreb's Toxic Radiance  Alch           0%         N/A       99%         4
 Petrify                  Alch/Erth      0%         N/A       99%         4
 Sticky Flame             Fire/Alch      0%         2d4       99%         4
 Alistair's Intoxication  Alch           0%         N/A       100%        5
 Borgnjor's Vile Clutch   Necr/Erth      0%         N/A       100%        5
 Curse of Agony           Necr           0%         N/A       100%        5
 Fireball                 Conj/Fire      0%         3d3       100%        5
 Iskenderun's Battlesphe  Conj           0%         2d6       100%        5
 Lee's Rapid Deconstruct  Erth           0%         3d4*      100%        5
 Metabolic Englaciation   Hex/Ice        0%         N/A       100%        5
 Yara's Violent Unravell  Hex/Alch       0%         3d3       100%        5
 Bombard                  Conj/Erth      0%         9d1       100%        6
 Conjure Ball Lightning   Conj/Air       0%         3x3d6     100%        6
 Eringya's Noxious Bog    Alch           0%         4d6       100%        6
 Starburst                Conj/Fire      0%         6d3       100%        6
 Enfeeble                 Hex            0%         N/A       100%        7
 Borgnjor's Revivificati  Necr           0%         N/A       100%        8
 Discord                  Hex            0%         N/A       100%        8
 Disjunction              Tloc           0%         N/A       100%        8
 Ignition                 Fire           0%         3d3       100%        8
 Lehudib's Crystal Spear  Conj/Erth      0%         10d2      100%        8
 Maxwell's Capacitive Co  Air            0%         death     100%        8
 Call Imp                 Summ           Unusable   N/A       N/A         2
 Call Canine Familiar     Summ           Unusable   N/A       N/A         3
 Animate Armour           Summ/Erth      Unusable   N/A       N/A         4
 Summon Lightning Spire   Summ/Air       Unusable   N/A       N/A         4
 Summon Forest            Summ/Tloc      Unusable   N/A       N/A         5
 Sculpt Simulacrum        Ice/Alch       Unusable   N/A       N/A         6
 Haunt                    Necr/Summ      Unusable   N/A       N/A         7
 Spellforged Servitor     Conj/Summ      Unusable   N/A       N/A         7
 Summon Hydra             Summ           Unusable   N/A       N/A         7

Inventory:

Hand Weapons
 a - a +9 heavy hand cannon (weapon) {norare}
 b - the +10 sling of Duatton (offhand) {speed, ^Fragile Str+7}
   (You found it on level 3 of the Vaults)

   Str+7:     It affects your strength (+7).
   ^Fragile:  It will be destroyed if unequipped.
Missiles
 q - 26 curare-tipped darts
 K - 3 throwing nets
Armour
 c - the +5 faerie dragon scales (worn) {rElec rCorr Dex+3 Stlth+, nodragon}
   (You took it off the Enchantress on level 4 of the Depths)

   Dex+3:     It affects your dexterity (+3).
   rElec:     It insulates you from electricity.
   rCorr:     It protects you from acid and corrosion.
   Stlth+:    It makes you more stealthy.
 e - the +1 pair of gloves "Unte" {-Cast rElec Dex+2}
   (You found it in a treasure trove)

   Dex+2:     It affects your dexterity (+2).
   rElec:     It insulates you from electricity.
   -Cast:     It prevents spellcasting.
 f - the +1 helmet of the Dancing Gods (worn) {rPois Str+2}
   (You found it on level 5 of the Vaults)

   Str+2:     It affects your strength (+2).
   rPois:     It protects you from poison.
 j - the +2 cloak of the Lost Path {rPois rF+}
   (You found it in a treasure trove)

   rF+:       It protects you from fire.
   rPois:     It protects you from poison.
 t - the +0 cloak of Nihilism (worn) {Int-4 Dex+2 Slay+2}
   (You found it on level 4 of the Dungeon)

   Int-4:     It affects your intelligence (-4).
   Dex+2:     It affects your dexterity (+2).
   Slay+2:    It affects your accuracy & damage with ranged weapons and melee
   (+2).
 C - the +0 pair of gloves of Gallantry (worn) {Regen+ rCorr}
   (You bought it in a shop on level 4 of the Dungeon)

   Regen+:    It increases your rate of health regeneration.
   rCorr:     It protects you from acid and corrosion.
 M - a +2 robe of resistance
 S - the +0 pair of boots of Slimy Creativity (worn) {Will+ Str-3 Dex+7 Stlth+}
   (You acquired it on level 3 of the Crypt)

   Str-3:     It affects your strength (-3).
   Dex+7:     It affects your dexterity (+7).
   Will+:     It increases your willpower.
   Stlth+:    It makes you more stealthy.
Gizmo
 P - a N-70 turbomodule (installed) {rF+ Will+ Clar RMsl}
   (You invented it yourself in an ice cave)

   [N-70 turbomodule]

   rF+:       It protects you from fire.
   Will+:     It increases your willpower.
   Clar:      It protects you from confusion, rage, mesmerisation and fear.
   RMsl:      It protects you from missiles.
Wands
 h - a wand of mindburst (14)
 l - a wand of polymorph (36)
 w - a wand of iceblast (38)
 y - a wand of flame (137)
 A - a wand of acid (20)
 B - a wand of digging (36)
 O - a wand of paralysis (44)
Scrolls
 g - 11 scrolls of immolation
 k - 4 scrolls of fear
 o - 17 scrolls of teleportation
 p - 3 scrolls of blinking
 E - 4 scrolls of silence {!r}
 F - a scroll of revelation
 H - 11 scrolls of fog
 Q - 5 scrolls of vulnerability
 R - 8 scrolls of poison
Potions
 d - 3 potions of resistance
 i - 8 potions of haste
 n - 18 potions of curing
 r - 6 potions of ambrosia
 s - 6 potions of mutation {!q}
 v - 5 potions of might
 z - 6 potions of magic
 D - 10 potions of heal wounds
 G - 4 potions of invisibility
 N - 12 potions of brilliance
 W - a potion of berserk rage {!q}
 X - 3 potions of enlightenment
 Y - 6 potions of cancellation
Miscellaneous
 u - a lightning rod (4/4)


Message History

You shoot a bolt. The bolt barely misses the balrug.
You shoot a sling bullet.
The sling bullet barely misses the balrug.
You shoot a sling bullet. The sling bullet hits the balrug!
The balrug is lightly wounded.
You shoot a bolt. The bolt hits the balrug!!!!
You kill the balrug!
Okawaru accepts your kill.
No target in view!
No target in view!
A demonspawn blood saint comes into view.
It is wielding a +0 quarterstaff.
The demonspawn blood saint shouts!
The demonspawn blood saint calls on the powers of chaos!
A demonspawn warmonger comes into view.
It is wielding a +2 demon trident of venom.
You can't go up here!
The demonspawn blood saint conjures a destructive force in the name of Makhleb!
The fireball explodes!
The fireball engulfs you! You resist.
The fireball explodes!
The fireball engulfs you! You resist.
The demonspawn warmonger calls upon its god to speed up the demonspawn blood saint.
The demonspawn blood saint seems to speed up.
There is a stone staircase leading up here.
You climb upwards.
There is a stone staircase leading down here.
Magic restored.
There is a stone staircase leading up here.
You climb upwards.
There is a stone staircase leading down here.
Your graspers slow down.
There is a stone staircase leading up here.
You climb upwards.
There is a stone staircase leading down here.
HP restored.
There is an escape hatch in the ceiling here.
You feel yourself speed up. A mysterious force pulls you upwards.
The hatch slams shut behind you.
There is an open door here.
There is an open door here.
Your extra speed is starting to run out.
You feel yourself slow down.
There is a staircase leading out of the dungeon here.
You have escaped!

######## #......#
#########.####.#
#.........# #.#
#.######..## #.#
#.##.......# #.#
#######.###...###..
#.@.# #.# #........
#...###.###..)%....
#...#.......####...
#...#.......# ##.#
#.#.###.###.# #.#
#.#.# #.###.# #.#
#...# #..##.# ##'#
#...####.##.# ##...
#...#.......###....


There were no monsters in sight!

Vanquished Creatures
  2 dread liches (Vaults:5)
  Khufu (Crypt:3)
  A pandemonium lord (Depths:1)
  Nikola (Shoals:1)
  5 golden dragons
  2 bone dragons
  the Enchantress (Depths:4)
  Jory (Depths:4)
  3 profane servitors
  2 Tzitzimimeh
  3 doom hounds (Crypt:2)
  A hellephant (Depths:1)
  10 tentacled monstrosities
  An Ice Fiend (D:5)
  An Orb Guardian (Depths:2)
  Mlioglotl (Shoals:1)
  Grunn (Crypt:2)
  5 liches
  3 quicksilver dragons
  2 deep elf blademasters (Elf:3)
  Asterion (Elf:2)
  4 titans
  2 deep elf master archers (Elf:3)
  10 sphinxes
  A kraken (Shoals:4)
  A walking divine tome (Depths:4)
  2 ancient champions
  2 death cobs
  Polyphemus (Shoals:3)
  Kirke (Shoals:1)
  7 shadow dragons
  4 revenants
  6 tengu reavers
  3 draconian monks
  6 storm dragons
  7 nagarajas (Snake:4)
  15 frost giants
  Donald (Elf:1)
  23 vault wardens
  A demonspawn warmonger (Depths:2)
  A protean progenitor (Zot:2)
  7 deep elf sorcerers
  7 deep elf elementalists (Elf:3)
  13 fire giants
  A draconian shifter (Zot:5)
  A draconian scorcher (Zot:1)
  4 balrugs
  23 ironbound preservers
  A draconian stormcaller (Zot:5)
  A draconian annihilator (Zot:1)
  2 orc warlords
  An angel (Depths:2)
  7 ghouls
  5 spriggan defenders
  A curse skull (Crypt:1)
  2 reapers
  7 formless jellyfish
  3 green draconians
  25 very ugly things
  13 stone giants
  6 vampire knights
  5 yellow draconians
  7 ironbound thunderhulks
  4 deep elf demonologists
  The ghost of ForkInBrain the Skirmisher, a journeyman CoHu of Okawaru (Lair:4)
  4 deep elf annihilators
  4 red draconians
  6 purple draconians
  8 deep elf death magi
  A spark wasp (Depths:3)
  4 eidola
  An eleionoma (Elf:2)
  4 war gargoyles
  3 dire elephants (Vaults:3)
  4 white draconians
  3 blizzard demons (Depths:1)
  2 pearl dragon zombies (Depths:2)
  5 fire dragons
  17 ettins
  11 merfolk javelineers
  2 mummy priests (Crypt:3)
  9 merfolk impalers
  17 jiangshi
  2 entropy weavers
  14 yaktaur captains
  2 rakshasas
  5 great orbs of eyes
  7 deep elf high priests
  A peacekeeper (Vaults:4)
  5 hydras
  6 ice dragons
  39 vault guards
  3 spriggan air magi
  6 boulder beetles
  7 ironbound frosthearts
  3 death knights
  7 catoblepae
  10 anacondas
  2 demonspawn (Orc:2)
  4 deep troll shamans
  5 centaur warriors
  4 ogre magi
  7 two-headed ogres
  8 merfolk aquamancers
  2 alligator snapping turtles (Shoals:4)
  A demonic crawler (D:5)
  26 dancing weapons
  6 orc high priests
  A titan zombie (Vaults:4)
  9 death yaks
  A two-headed ogre (shapeshifter) (Elf:2)
  21 naga warriors
  2 vampire magi
  5 deep troll earth magi
  6 occultists
  6 tengu warriors
  14 hell hogs
  2 spriggan berserkers (Depths:3)
  9 naga sharpshooters
  3 sun demons
  13 deep elf knights
  7 iron trolls
  7 skysharks
  6 hell knights
  27 skeletal warriors
  7 shock serpents
  3 salamander mystics
  4 shadow wraiths
  A storm dragon skeleton (Crypt:1)
  5 large abominations
  An obsidian statue (Depths:1)
  13 sea snakes
  A sixfirhy (Orc:2)
  A deep troll (shapeshifter) (Vaults:5)
  70 deep trolls
  4 glowing orange brains
  A mana viper (shapeshifter) (Vaults:5)
  6 deep elf archers
  A kraken simulacrum (Shoals:1)
  5 naga ritualists
  A swamp dragon (shapeshifter) (Vaults:2)
  6 arcanists
  10 mana vipers
  6 flayed ghosts
  A shadow demon (Depths:4)
  9 bog bodies
  13 orc knights
  6 necromancers
  6 thermic dynamos
  13 lindwurms
  3 wolf spiders
  6 phantasmal warriors
  21 ironbound convokers
  29 harpies
  2 fenstrider witch simulacra
  24 deep elf pyromancers
  26 deep elf zephyrmancers
  13 orc sorcerers
  A faun (shapeshifter) (Vaults:5)
  9 manticores
  3 oklob plants
  Maurice (D:7)
  17 salamanders
  9 cyclopes
  A meliai (D:10)
  9 moths of wrath
  A steelbarb worm (shapeshifter) (Vaults:5)
  13 fauns
  A frost giant zombie (Vaults:1)
  39 ugly things
  7 merfolk sirens
  18 elephants
  A fire giant skeleton (Crypt:2)
  A guardian serpent (shapeshifter) (Depths:2)
  A dire elephant zombie (Crypt:2)
  An ice statue (IceCv)
  33 black mambas
  2 guardian serpents
  8 water nymphs
  A kobold blastminer (Orc:2)
  24 vault sentinels
  A rust devil (Depths:1)
  2 torpor snails
  21 naga magi
  4 gargoyles
  2 smoke demons
  4 apis skeletons (Depths:2)
  12 cane toads
  2 orange demons
  A naga skeleton (Crypt:2)
  A hellion (Depths:4)
  5 unseen horrors
  9 rime drakes
  A kobold demonologist (D:10)
  4 tengu conjurers
  3 efreet
  23 yaktaurs
  8 freezing wraiths
  A tormentor (Crypt:2)
  12 komodo dragons
  2 red devils (Depths:1)
  Psyche (D:8)
  7 guardian mummies (Crypt:3)
  8 trolls
  A yaktaur skeleton (Vaults:2)
  3 hellwings
  17 polar bears
  A queen bee (shapeshifter) (D:13)
  36 merfolk
  7 hornets
  A tengu simulacrum (Vaults:4)
  15 wind drakes
  3 blink frogs (Lair:1)
  A glass eye (Depths:1)
  A dream sheep (shapeshifter) (Vaults:5)
  A death drake skeleton (Crypt:1)
  A satyr zombie (Crypt:1)
  20 dream sheep
  A frost giant simulacrum (Vaults:1)
  A raiju (Elf:2)
  8 snapping turtles
  An ettin zombie (Crypt:3)
  A human simulacrum (Vaults:4)
  6 air elementals
  A fire giant simulacrum (Vaults:1)
  25 slime creatures
  4 shadows
  3 ynoxinuls (Depths:1)
  A black mamba zombie (Crypt:3)
  An ettin skeleton (Vaults:2)
  19 spriggans
  73 yaks
  Eustachio (D:3)
  31 water elementals
  11 wyverns
  4 wraiths
  An alligator snapping turtle simulacrum (Shoals:1)
  3 hogs (Shoals:1)
  5 humans
  12 basilisks
  A warg (Orc:2)
  8 fire elementals
  A sea snake simulacrum (Shoals:1)
  2 steam dragons
  2 death yak simulacra (Shoals:1)
  An elf skeleton (Vaults:2)
  3 vampire mosquitoes (D:13)
  8 chaos spawn
  42 nagas
  3 redbacks
  A swamp worm (Zot:2)
  3 acid dragons
  A harpy simulacrum (Crypt:3)
  18 water moccasins
  A faun skeleton (Crypt:1)
  A cane toad zombie (Crypt:2)
  18 laughing skulls
  30 orc warriors
  4 ettin simulacra
  2 ice beasts
  8 black bears
  5 satyr simulacra (Shoals:1)
  4 ogres (Orc:2)
  8 boggarts
  An ice dragon simulacrum (Crypt:2)
  A swamp dragon skeleton (Crypt:2)
  38 wolves
  A dream sheep skeleton (Crypt:1)
  9 centaurs
  2 kobold brigands
  2 weeping skulls (Crypt:3)
  4 elf zombies (Ossuary)
  Blork the orc (D:6)
  A komodo dragon zombie (Crypt:2)
  19 bullfrogs
  3 gnoll sergeants
  5 scorpions
  3 merfolk simulacra (Shoals:1)
  6 small abominations
  6 earth elementals
  4 faun simulacra (Shoals:1)
  A human skeleton (Vaults:4)
  5 wights (D:8)
  A warg skeleton (Crypt:1)
  A hornet simulacrum (Vaults:1)
  4 burial acolytes (Crypt:3)
  9 killer bees
  2 manticore simulacra (Shoals:1)
  A snapping turtle simulacrum (Shoals:1)
  5 howler monkeys
  A yak skeleton (Crypt:2)
  6 electric eels
  4 lava snakes
  4 human zombies
  25 orc priests
  2 bombardier beetles
  6 jellies
  A gnoll bouda (D:4)
  A spectral scorpion (Ossuary)
  Crazy Yiuf (D:2)
  8 hounds
  8 iguanas
  Jessica (D:2)
  2 cyclops simulacra (Shoals:1)
  A basilisk skeleton (Crypt:1)
  25 orc wizards
  2 sleepcaps
  13 hell rats
  2 crocodile zombies (Ossuary)
  A centaur simulacrum (Shoals:1)
  3 spectral hounds (Ossuary)
  4 mummies
  26 gnolls
  3 adders
  2 hound simulacra (Ossuary)
  A steam dragon skeleton (Crypt:1)
  2 shadow imps (D:6)
  A white imp (D:7)
  5 ufetubi
  A spectral adder (Ossuary)
  A lava snake zombie (Crypt:2)
  2 spectral gnolls (Ossuary)
  5 dart slugs
  A ribbon worm (D:4)
  2 adder simulacra (Ossuary)
  78 orcs
  2 ball pythons (D:1)
  7 endoplasms
  2 giant cockroaches (D:4)
  8 goblins
  4 hobgoblins
  14 jackals
  6 quokkas
  3 training dummies (Snake:4)
  A ball python zombie (Crypt:2)
  8 bats
  2 frilled lizards (D:1)
  3 gnoll simulacra (Ossuary)
  4 gnoll zombies (Ossuary)
  3 jackal simulacra (Ossuary)
  A jackal skeleton (Crypt:1)
  10 kobolds
  4 kobold zombies
  9 orc zombies (Ossuary)
  5 rats
  2 spectral jackals (Ossuary)
  2 aspiring fleshes (Zot:2)
  9 tentacles
2363 creatures vanquished.

Vanquished Creatures (collateral kills)
  A deep troll (Vaults:2)
  A naga (Snake:4)
2 creatures vanquished.

Vanquished Creatures (others)
  An occultist (Depths:3)
  A deep troll (Vaults:2)
  A deep elf pyromancer (Elf:2)
  4 tentacles
7 creatures vanquished.

Grand Total: 2372 creatures vanquished

Notes
Turn   | Place    | Note
-------+----------+-------------------------------------------
     0 | D:1      | elliptic the Coglin Hunter began the quest for the Orb.
     0 | D:1      | Reached XP level 1. HP: 16/16 MP: 1/1
   153 | D:1      | Reached XP level 2. HP: 22/22 MP: 2/2
   561 | D:1      | Reached XP level 3. HP: 27/27 MP: 3/3
   967 | D:2      | Identified the +3 short sword "Finen" {heavy, *Corrode
                  | rPois Str+3 Dex+3}
   969 | D:2      | eh
  1223 | D:2      | Found a runed translucent door.
  1224 | D:2      | Noticed Crazy Yiuf
  1295 | D:4      | Found a sand-covered staircase.
  1308 | D:4      | Reached XP level 4. HP: 33/33 MP: 4/4
  1319 | Ossuary  | Entered an ossuary
  1375 | Ossuary  | hm
  1411 | Ossuary  | Reached skill level 3 in Fighting
  1477 | Ossuary  | Reached XP level 5. HP: 36/41 MP: 5/5
  1671 | Ossuary  | Reached skill level 6 in Ranged Weapons
  1671 | Ossuary  | Reached XP level 6. HP: 22/47 MP: 6/6
  1824 | Ossuary  | Reached skill level 4 in Fighting
  1845 | Ossuary  | Reached XP level 7. HP: 55/55 MP: 7/7
  2142 | D:4      | Found a staircase to the Ecumenical Temple.
  2170 | Temple   | Entered the Ecumenical Temple
  2187 | Temple   | Became a worshipper of Warmaster Okawaru
  2292 | D:4      | Found Usockyhu's Assorted Antiques.
  2355 | D:4      | Identified the +0 cloak of Nihilism {Int-4 Dex+2 Slay+2}
  2395 | D:4      | Reached skill level 5 in Fighting
  2402 | D:4      | Found an opulent altar of Gozag.
  2405 | D:4      | Found a broken altar of Ashenzari.
  2754 | D:3      | Found a basalt altar of Yredelemnul.
  2889 | D:2      | Noticed Jessica
  2900 | D:2      | Killed Jessica
  2912 | D:2      | Got Jessica's Grimoire of Elsewhere
  3527 | D:4      | Reached skill level 3 in Dodging
  3538 | D:4      | Reached XP level 8. HP: 62/62 MP: 8/8
  3585 | D:4      | Noticed Eustachio
  3586 | D:4      | eh
  3617 | D:3      | Killed Eustachio
  3724 | D:4      | Reached * piety under Okawaru
  3735 | D:4      | Reached skill level 1 in Invocations
  4197 | D:5      | Entered Level 5 of the Dungeon
  4457 | D:5      | Found Ylannimm's Antique Weapon Emporium.
  4635 | D:5      | Reached skill level 9 in Ranged Weapons
  4998 | D:5      | Reached skill level 1 in Evocations
  5084 | D:6      | Reached XP level 9. HP: 68/68 MP: 10/10
  5113 | D:6      | Reached skill level 3 in Evocations
  5157 | D:6      | what
  5332 | D:6      | Reached skill level 6 in Fighting
  5336 | D:6      | nice
  5340 | D:6      | Identified the +10 sling of Jouniargh {freeze, rN+ Will+
                  | Int+2}
  5342 | D:6      | well
  5387 | D:6      | Reached ** piety under Okawaru
  5513 | D:4      | Bought a pair of bloodstained gloves for 266 gold pieces
  5513 | D:4      | Identified the +0 pair of gloves of Gallantry {Regen+
                  | rCorr} (You bought it in a shop on level 4 of the Dungeon)
  5639 | D:5      | eh
  5639 | D:5      | Acquired a manual of Ranged Weapons
  5694 | D:6      | Noticed Blork the orc
  5697 | D:6      | Killed Blork the orc
  5842 | D:6      | Found a white marble altar of Elyvilon.
  6397 | D:7      | Noticed Maurice
  6402 | D:7      | hm
  6444 | D:7      | Killed Maurice
  6445 | D:7      | Reached XP level 10. HP: 73/76 MP: 11/11
  6544 | D:7      | Reached skill level 12 in Ranged Weapons
  6631 | D:4      | Bought a scroll of teleportation for 84 gold pieces
  6937 | D:8      | Identified the +0 robe "Butsosui" {rPois rF+ rN++ Stlth-}
  6968 | D:8      | Noticed Psyche
  7031 | D:8      | Reached *** piety under Okawaru
  7662 | D:9      | Reached **** piety under Okawaru
  7762 | D:9      | Reached skill level 7 in Fighting
  7762 | D:9      | Reached skill level 6 in Dodging
  7861 | D:9      | Found a staircase to the Lair.
  7866 | D:9      | Found a staircase to the Orcish Mines.
  7981 | D:9      | Noticed a two-headed ogre
  7986 | D:9      | Killed a two-headed ogre
  7986 | D:9      | Reached ***** piety under Okawaru
  7987 | D:9      | Reached XP level 11. HP: 84/84 MP: 12/12
  8213 | D:9      | Found a roughly hewn altar of Beogh.
  8318 | D:9      | Noticed a two-headed ogre
  8333 | D:9      | Killed a two-headed ogre
  8333 | D:9      | Received a gift from Okawaru
  8334 | D:9      | Reached skill level 8 in Fighting
  8367 | D:10     | Entered Level 10 of the Dungeon
  8442 | D:10     | Noticed a centaur warrior
  8449 | D:10     | Killed a centaur warrior
  8467 | D:10     | Reached skill level 3 in Armour
  8468 | D:10     | Noticed a wolf spider
  8469 | D:10     | what
  8475 | D:10     | Killed a wolf spider
  8784 | D:10     | Noticed an orc knight
  8785 | D:10     | what
  8973 | D:10     | why
  8977 | D:10     | why
  8977 | D:10     | hm
  8980 | D:10     | Received a gift from Okawaru
  8985 | D:10     | Killed an orc knight
  9226 | D:11     | Reached skill level 9 in Fighting
  9248 | D:11     | Noticed a cyclops
  9252 | D:11     | Killed a cyclops
  9253 | D:11     | Reached skill level 3 in Invocations
  9258 | D:11     | Reached XP level 12. HP: 95/95 MP: 12/14
  9299 | D:11     | Gained mutation: You do not regenerate when monsters are
                  | visible. [potion of mutation]
  9299 | D:11     | Gained mutation: Potions are less effective at restoring
                  | your health. [potion of mutation]
  9300 | D:11     | Lost mutation: You do not regenerate when monsters are
                  | visible. [potion of mutation]
  9300 | D:11     | Lost mutation: Potions are less effective at restoring your
                  | health. [potion of mutation]
  9300 | D:11     | Gained mutation: You are strong-willed. (Will+) [potion of
                  | mutation]
  9300 | D:11     | Gained mutation: You passively map a small area around you.
                  | [potion of mutation]
  9355 | D:11     | Noticed a boulder beetle
  9357 | D:11     | oh
  9364 | D:11     | Killed a boulder beetle
  9419 | D:11     | Received a gift from Okawaru
  9787 | D:12     | Reached skill level 6 in Invocations
  9875 | D:12     | Got Cerebov's Secrets of the Impact
  9898 | D:12     | Noticed a two-headed ogre
  9902 | D:12     | Killed a two-headed ogre
  9902 | D:12     | Received a gift from Okawaru
  9963 | D:12     | Noticed a centaur warrior
 10007 | D:12     | Noticed a deep elf annihilator
 10135 | Lair:1   | Entered Level 1 of the Lair of Beasts
 10186 | Lair:1   | Noticed a catoblepas
 10206 | Lair:1   | Killed a catoblepas
 10242 | Lair:1   | Reached skill level 9 in Dodging
 10245 | Lair:1   | Reached skill level 10 in Fighting
 10520 | Lair:1   | Reached ****** piety under Okawaru
 10521 | Lair:1   | Acquired a +0 hand cannon of flaming
 10521 | Lair:1   | Received a gift from Okawaru
 10534 | Lair:1   | ehhh
 10538 | Lair:1   | Acquired the +1 pair of boots "Huummena" {Will- Int+4
                  | Dex+3}
 10538 | Lair:1   | Received a gift from Okawaru
 10635 | Lair:1   | Received a gift from Okawaru
 10933 | Lair:2   | Reached skill level 15 in Ranged Weapons
 10943 | Lair:2   | Reached XP level 13. HP: 103/103 MP: 17/17
 11005 | Lair:2   | Reached skill level 6 in Armour
 11028 | Lair:2   | Received a gift from Okawaru
 11130 | Lair:2   | Found a staircase to the Snake Pit.
 11386 | Lair:2   | Found a staircase to the Shoals.
 11911 | Lair:3   | Received a gift from Okawaru
 12023 | Lair:3   | Found a frozen archway.
 12041 | IceCv    | Entered an ice cave
 12164 | IceCv    | Reached skill level 11 in Fighting
 12224 | IceCv    | Received a gift from Okawaru
 12243 | IceCv    | Reached XP level 14. HP: 89/113 MP: 18/18
 12243 | IceCv    | Acquired a N-70 turbomodule {rF+ Will+ Clar RMsl}
 12398 | IceCv    | Noticed a frost giant
 12416 | IceCv    | Killed a frost giant
 12439 | IceCv    | Found the +2 Maxwell's thermic engine {flame, freeze, rev}
 12448 | IceCv    | eh
 13380 | Lair:3   | Received a gift from Okawaru
 13476 | Lair:4   | Noticed ForkInBrain's ghost (journeyman CoHu)
 13649 | Lair:4   | Noticed Sonja
 13650 | Lair:4   | Sonja changed into Sonja the human
 13650 | Lair:4   | Noticed Sonja
 13653 | Lair:4   | Killed Sonja the human
 13791 | Lair:4   | Reached skill level 18 in Ranged Weapons
 13893 | Lair:4   | Found a transporter.
 13915 | Lair:4   | Found a transporter.
 14025 | Lair:4   | Received a gift from Okawaru
 14039 | Lair:4   | Found a viscous altar of Jiyva.
 14039 | Lair:4   | Found a staircase to the Slime Pits.
 14435 | Lair:5   | Entered Level 5 of the Lair of Beasts
 14562 | Lair:5   | Reached XP level 15. HP: 120/120 MP: 19/19
 14569 | Lair:5   | Reached skill level 12 in Fighting
 14572 | Lair:5   | Received a gift from Okawaru
 14742 | Lair:5   | Upgraded the game from 0.32-a0-612-g1c984fe9d1 to
                  | 0.32-a0-616-g9348d4545b
 14792 | Lair:5   | ehhh
 14898 | Lair:5   | Received a gift from Okawaru
 15588 | Lair:5   | Reached skill level 13 in Fighting
 15801 | Lair:4   | Killed ForkInBrain's ghost
 15851 | Lair:4   | Identified the +8 hand axe of Kismet {protect, Str+3 Int-3
                  | SInv}
 15999 | D:8      | Killed Psyche
 15999 | D:8      | Received a gift from Okawaru
 16161 | D:2      | Killed Crazy Yiuf
 16451 | D:12     | Noticed a frost giant
 16688 | D:12     | Reached skill level 12 in Dodging
 16695 | D:12     | Received a gift from Okawaru
 16818 | Orc:1    | Entered Level 1 of the Orcish Mines
 16818 | Orc:1    | Found Lotihisuqi's Antique Armour Shoppe.
 17058 | Orc:1    | Found a roughly hewn altar of Beogh.
 17310 | Orc:2    | Entered Level 2 of the Orcish Mines
 17540 | Orc:2    | Reached XP level 16. HP: 131/131 MP: 22/22
 17595 | Orc:2    | Found Weyreet's Jewellery Emporium.
 17924 | Orc:2    | Found a staircase to the Elven Halls.
 18102 | Orc:2    | Found Qottus's General Store.
 18105 | Orc:2    | Found Byothyit's General Store.
 18158 | Orc:2    | Received a gift from Okawaru
 18261 | Orc:2    | Reached skill level 14 in Fighting
 18306 | Orc:2    | Found Puuffaall's Book Emporium.
 18306 | Orc:2    | Found Hoteung's Antique Weapon Shoppe.
 18307 | Orc:2    | Found a one-way gate leading to the halls of Pandemonium.
 18475 | D:13     | Found Usahis's Changing Room.
 19522 | D:14     | Received a gift from Okawaru
 19736 | D:14     | Reached skill level 15 in Fighting
 19741 | D:14     | Found a gate to the Vaults.
 19943 | D:15     | Entered Level 15 of the Dungeon
 19995 | D:15     | Received a gift from Okawaru
 20322 | D:15     | Found a staircase to the Depths.
 21101 | Snake:1  | Entered Level 1 of the Snake Pit
 21159 | Snake:1  | Identified the +6 rapier "Duklouf" {heavy, Str+4}
 21177 | Snake:1  | Reached XP level 17. HP: 90/142 MP: 23/23
 21262 | Snake:1  | Received a gift from Okawaru
 21669 | Snake:2  | Reached skill level 16 in Fighting
 21831 | Snake:2  | Found Uvytuci's Self-Published Books.
 21891 | Snake:2  | Found Ewnikef's Weapon Shop.
 21899 | Snake:2  | Bought a +3 hand cannon of flaming for 349 gold pieces
 21909 | Snake:2  | Found Cuantis's Antique Weapon Shop.
 22884 | Snake:3  | Reached skill level 15 in Dodging
 22904 | Snake:3  | Received a gift from Okawaru
 23743 | Snake:4  | Entered Level 4 of the Snake Pit
 23762 | Snake:4  | Found Vaschos's Antique Armour Shoppe.
 23765 | Snake:4  | Found Okasuh's Magic Scroll Emporium.
 23765 | Snake:4  | Found Juta's Magic Scroll Shoppe.
 23770 | Snake:4  | Found Nunerr's Armour Emporium.
 23791 | Snake:4  | Received a gift from Okawaru
 23797 | Snake:4  | Bought a scroll of blinking for 105 gold pieces
 23803 | Snake:4  | Bought 2 scrolls of enchant weapon for 255 gold pieces
 23803 | Snake:4  | Bought a scroll of teleportation for 51 gold pieces
 23808 | Snake:4  | Bought a jewelled robe for 148 gold pieces
 23808 | Snake:4  | Identified the +1 robe "Waicag" {rPois rCorr Dex+2} (You
                  | bought it in a shop on level 4 of the Snake Pit)
 23808 | Snake:4  | Bought an embroidered hat for 182 gold pieces
 23880 | Snake:4  | Reached skill level 17 in Fighting
 23911 | Snake:4  | Found Rahemim's Firing Range.
 23980 | Snake:4  | Found Ibaqe's Jewellery Boutique.
 23980 | Snake:4  | Identified the amulet of Jeded {rF+ rN+ Will+ RegenMP+
                  | Str+3}
 24520 | Snake:4  | Reached XP level 18. HP: 124/155 MP: 24/24
 24652 | Snake:4  | Received a gift from Okawaru
 24685 | Snake:4  | Reached skill level 18 in Fighting
 24750 | Snake:4  | Got a serpentine rune of Zot
 24990 | Shoals:1 | Entered Level 1 of the Shoals
 25054 | Shoals:1 | Noticed Nikola
 25064 | Shoals:1 | Killed Nikola
 25141 | Shoals:1 | Found a runed translucent gate.
 25141 | Shoals:1 | Found a runed translucent gate.
 25141 | Shoals:1 | Found a runed translucent gate.
 25214 | Shoals:1 | Noticed Kirke
 25222 | Shoals:1 | Reached skill level 9 in Invocations
 25225 | Shoals:1 | Killed Kirke
 25244 | Shoals:1 | Received a gift from Okawaru
 25411 | Shoals:1 | Noticed Mlioglotl
 25421 | Shoals:1 | Killed Mlioglotl
 25820 | Shoals:2 | Received a gift from Okawaru
 25902 | Shoals:2 | Identified the +1 great sword of Zicveal {distort, rC-
                  | Dex+4}
 26195 | Shoals:3 | Reached XP level 19. HP: 146/164 MP: 26/26
 26280 | Shoals:3 | Received a gift from Okawaru
 26368 | Shoals:3 | Found Gacaeps's Self-Improvement Boutique.
 26401 | Shoals:3 | Identified the +0 long sword of Floods {speed, rF+}
 26413 | Shoals:3 | Noticed Polyphemus
 26418 | Shoals:3 | Killed Polyphemus
 26700 | Shoals:4 | Entered Level 4 of the Shoals
 26769 | Shoals:4 | Reached skill level 19 in Fighting
 26787 | Shoals:4 | Received a gift from Okawaru
 26938 | Shoals:4 | Paralysed by an air elemental for 1 turns
 27176 | Shoals:4 | Paralysed by an air elemental for 1 turns
 27193 | Shoals:4 | Received a gift from Okawaru
 27208 | Shoals:4 | Reached skill level 18 in Dodging
 27482 | Shoals:4 | Identified the +0 leather armour of Vairiewn {Harm Will+}
 27487 | Shoals:4 | Got a barnacled rune of Zot
 28028 | D:12     | Received a gift from Okawaru
 28046 | D:12     | Identified the +1 war axe of Heoxkog {heavy, Will+ Int+3}
 28214 | Elf:1    | Entered Level 1 of the Elven Halls
 28270 | Elf:1    | Reached skill level 20 in Fighting
 28471 | Elf:1    | Reached XP level 20. HP: 176/176 MP: 27/27
 28523 | Elf:1    | Found Xostyev's Jewellery Emporium.
 28569 | Elf:1    | Noticed Donald
 28572 | Elf:1    | Killed Donald
 28724 | Elf:1    | Received a gift from Okawaru
 29212 | Elf:2    | Noticed Asterion
 29216 | Elf:2    | Killed Asterion
 29505 | Elf:2    | Found a runed translucent gate.
 29506 | Elf:2    | Found a runed translucent gate.
 29506 | Elf:2    | Found a runed translucent gate.
 29522 | Elf:2    | Received a gift from Okawaru
 29851 | Elf:3    | Entered Level 3 of the Elven Halls
 29955 | Elf:3    | Noticed a Tzitzimitl
 29962 | Elf:3    | Reached skill level 21 in Fighting
 30089 | Elf:3    | Found Fiasaom's Elven Fire.
 30193 | Elf:3    | Received a gift from Okawaru
 30354 | Elf:3    | Found Dyofaosk's General Store.
 30362 | Elf:3    | Bought a scroll of blinking for 82 gold pieces
 30640 | Elf:3    | Identified the +1 morningstar of Wiomp {spect, Will++ Int-3
                  | SInv}
 30680 | Elf:3    | Identified the +3 whip of Big Damage {freeze, rF++}
 30695 | Elf:3    | Reached XP level 21. HP: 187/187 MP: 28/28
 30848 | Elf:3    | Identified the +4 hand axe of Doom {drain, +Blink rN+}
 30971 | Elf:3    | Identified the +1 plate armour of the Jumping Gods {Fly}
 30974 | Elf:3    | Identified the +2 sling of Culaubri {freeze, ^Fragile Fly
                  | rN+}
 31060 | Elf:3    | Identified the +11 hand axe "Luinel" {flame, rElec Dex+2}
 31148 | Elf:3    | Bought the +3 ring mail of Action {rElec Regen+ Str+4
                  | Int-4} for 363 gold pieces
 31482 | Vaults:1 | Entered Level 1 of the Vaults
 31489 | Vaults:1 | Received a gift from Okawaru
 31580 | Vaults:1 | Reached skill level 9 in Armour
 31751 | Vaults:1 | Identified the +1 robe of Juxzui {+Blink Will+}
 31880 | Vaults:1 | Received a gift from Okawaru
 31919 | Vaults:1 | Found Sueklute's Distillery.
 31919 | Vaults:1 | Found Zawiem's Book Shop.
 31923 | Vaults:1 | Bought a potion of heal wounds for 100 gold pieces
 31945 | Vaults:1 | Found Deficluc's General Store.
 31952 | Vaults:1 | Bought a scroll of teleportation for 33 gold pieces
 32013 | Vaults:1 | Identified the +12 quarterstaff of Plog {flame, Str+4}
 32066 | Vaults:1 | Found Loqes's Antique Armour Emporium.
 32493 | Vaults:2 | Received a gift from Okawaru
 32521 | Vaults:2 | Reached skill level 12 in Armour
 32525 | Vaults:2 | Found the +5 glaive of the Guard {elec, spectral}
 32819 | Vaults:2 | Received a gift from Okawaru
 33010 | Vaults:2 | Identified the +1 leather armour of Douqits {Str+3 Dex+3}
 33018 | Vaults:2 | Reached XP level 22. HP: 192/194 MP: 29/29
 33667 | Vaults:3 | Received a gift from Okawaru
 33773 | Vaults:3 | Found Plog's Jewellery Emporium.
 33833 | Vaults:3 | Found a portal to a secret trove of treasure.
 33926 | Vaults:3 | Found Lilor's Weapon Shoppe.
 33979 | Vaults:3 | Reached skill level 22 in Fighting
 34005 | Vaults:3 | Found a staircase to the Crypt.
 34024 | Vaults:3 | Received a gift from Okawaru
 34053 | Vaults:3 | Identified the +5 leather armour "Atrawn" {Rampage}
 34062 | Vaults:3 | Identified the +10 sling of Duatton {speed, ^Fragile Str+7}
 34091 | Vaults:3 | Identified the ring of the Peasants {rPois rN+ Str+2 Dex+4}
 34905 | Vaults:4 | Reached skill level 15 in Armour
 35033 | Vaults:4 | Received a gift from Okawaru
 35577 | Vaults:4 | Reached skill level 23 in Fighting
 35577 | Vaults:4 | Reached XP level 23. HP: 202/206 MP: 30/30
 35902 | Crypt:1  | Entered Level 1 of the Crypt
 35934 | Crypt:1  | eh
 35935 | Crypt:1  | fine
 36008 | Crypt:1  | Received a gift from Okawaru
 36054 | Crypt:1  | Found a basalt altar of Yredelemnul.
 36750 | Crypt:2  | Found a runed translucent gate.
 36750 | Crypt:2  | Found a runed translucent gate.
 36751 | Crypt:2  | Found a runed translucent gate.
 36765 | Crypt:2  | Noticed Sobieck's ghost (adept MDEE)
 37083 | Crypt:2  | Found a basalt altar of Yredelemnul.
 37084 | Crypt:2  | Noticed Grunn
 37097 | Crypt:2  | Reached skill level 24 in Fighting
 37109 | Crypt:2  | Received a gift from Okawaru
 37112 | Crypt:2  | HP: 40/202 [???[a doom hound] (37)]
 37290 | Crypt:2  | Killed Grunn
 37659 | Crypt:3  | Entered Level 3 of the Crypt
 37957 | Crypt:3  | Found an ancient bone altar of Kikubaaqudgha.
 38098 | Crypt:3  | Reached skill level 25 in Fighting
 38142 | Crypt:3  | Received a gift from Okawaru
 38203 | Crypt:3  | Acquired the +0 pair of boots of Slimy Creativity {Will+
                  | Str-3 Dex+7 Stlth+}
 38217 | Crypt:3  | Lost mutation: You passively map a small area around you.
                  | [potion of mutation]
 38217 | Crypt:3  | Lost mutation: You are strong-willed. (Will+) [potion of
                  | mutation]
 38217 | Crypt:3  | Gained mutation: You are robust. (+10% HP) [potion of
                  | mutation]
 38342 | Crypt:3  | Noticed Khufu
 38349 | Crypt:3  | Killed Khufu
 38350 | Crypt:3  | Reached XP level 24. HP: 62/243 MP: 25/30
 38350 | Crypt:3  | HP: 32/243 [torment (30)]
 38459 | Crypt:3  | Got the Anthology of Evil Words
 38578 | Crypt:3  | Found a staircase to the Tomb.
 38614 | Crypt:3  | Identified the blade talisman "Caisilou" {rC+ Int-3 Dex+3}
 38991 | Depths:1 | Entered Level 1 of the Depths
 39248 | Depths:1 | Reached skill level 26 in Fighting
 39251 | Depths:1 | Received a gift from Okawaru
 39833 | Depths:1 | Found a gateway to Hell.
 39841 | Depths:1 | Received a gift from Okawaru
 40108 | Depths:2 | Found an opulent altar of Gozag.
 40251 | Depths:2 | Found a one-way gateway to a ziggurat.
 40262 | Depths:2 | Received a gift from Okawaru
 40271 | Depths:2 | Found an opulent altar of Gozag.
 40276 | Depths:2 | Found an opulent altar of Gozag.
 40298 | Depths:2 | Found an opulent altar of Gozag.
 40316 | Depths:2 | Reached skill level 27 in Fighting
 40733 | Depths:2 | Found a one-way gate to the infinite horrors of the Abyss.
 40772 | Depths:2 | Found a basalt altar of Yredelemnul.
 40787 | Depths:2 | Reached skill level 21 in Dodging
 41217 | Depths:3 | Received a gift from Okawaru
 41223 | Depths:3 | Reached XP level 25. HP: 257/257 MP: 30/30
 41258 | Depths:3 | Identified the +8 hand axe of the Wolf {drain, rElec}
 41448 | Depths:3 | Got the Vademecum on Leucotic Aeromancy
 41596 | Depths:3 | Received a gift from Okawaru
 41926 | Depths:4 | Entered Level 4 of the Depths
 42020 | Depths:4 | Noticed the Enchantress
 42035 | Depths:4 | Killed the Enchantress
 42109 | Depths:4 | Noticed Jory
 42115 | Depths:4 | Killed Jory
 42223 | Depths:4 | Found a gate to the Realm of Zot.
 42238 | Depths:4 | Received a gift from Okawaru
 42926 | Vaults:5 | Entered Level 5 of the Vaults
 42993 | Vaults:5 | meh
 42996 | Vaults:5 | eh
 43019 | Vaults:5 | sigh
 43084 | Vaults:5 | Noticed a dread lich
 43089 | Vaults:5 | Killed a dread lich
 43090 | Vaults:5 | Received a gift from Okawaru
 43168 | Vaults:5 | Reached skill level 18 in Armour
 43171 | Vaults:5 | Identified the ring of Violets {+Blink rPois rC- rN++
                  | Int-4}
 43267 | Vaults:5 | Reached XP level 26. HP: 219/266 MP: 31/31
 43306 | Vaults:5 | Noticed a dread lich
 43308 | Vaults:5 | Killed a dread lich
 43348 | Vaults:5 | Reached skill level 12 in Invocations
 43402 | Vaults:5 | Received a gift from Okawaru
 43653 | Vaults:5 | Found Ruapn's Armour Shoppe.
 43663 | Vaults:5 | Got a silver rune of Zot
 43831 | Vaults:5 | Identified the +2 cloak of Imecef {Harm Int+2}
 43936 | Vaults:5 | Identified the +2 dagger of Esumuawi {heavy, Will+}
 43963 | Vaults:5 | Got the Almanac of the Singularity and the Swarm
 43991 | Vaults:5 | Identified the +1 helmet of the Dancing Gods {rPois Str+2}
 44036 | Vaults:5 | Got Qosaufel's Parchment of Earthen Carrion
 44173 | Vaults:5 | Got the Tractate on Trauma and Dark Liturgies
 44271 | Vaults:3 | You paid a toll of +4 shadow dragon scales to enter a
                  | treasure trove
 44272 | Trove    | Entered a treasure trove
 44279 | Trove    | Identified the +1 pair of gloves "Unte" {-Cast rElec Dex+2}
 44299 | Trove    | Identified the +2 cloak of the Lost Path {rPois rF+}
 44425 | Vaults:1 | Bought a potion of mutation for 160 gold pieces
 44425 | Vaults:1 | Bought a potion of curing for 60 gold pieces
 44425 | Vaults:1 | Bought a potion of cancellation for 160 gold pieces
 44425 | Vaults:1 | Bought a potion of curing for 60 gold pieces
 44425 | Vaults:1 | Bought a potion of cancellation for 160 gold pieces
 44520 | D:13     | Bought a potion of mutation for 104 gold pieces
 44669 | D:4      | Bought a potion of curing for 84 gold pieces
 44669 | D:4      | Bought a potion of haste for 280 gold pieces
 44814 | Orc:2    | Bought a scroll of silence for 95 gold pieces
 44814 | Orc:2    | Bought a potion of haste for 100 gold pieces
 44987 | Elf:3    | Bought a wand of digging (4) for 184 gold pieces
 44987 | Elf:3    | Bought a potion of mutation for 88 gold pieces
 45384 | Zot:1    | Entered Level 1 of the Realm of Zot
 45418 | Zot:1    | Identified the +8 mace of Intuition {drain, *Corrode rF+
                  | rC+++ Stlth+}
 45462 | Zot:1    | Received a gift from Okawaru
 45599 | Zot:5    | Entered Level 5 of the Realm of Zot
 45817 | Zot:5    | Received a gift from Okawaru
 45853 | Zot:5    | Noticed an ancient lich
 45853 | Zot:5    | Noticed an orb of fire
 45853 | Zot:5    | Noticed a dread lich
 45853 | Zot:5    | Noticed an electric golem
 45853 | Zot:5    | Noticed an orb of fire
 45853 | Zot:5    | Noticed an orb of fire
 45853 | Zot:5    | Noticed an orb of fire
 45853 | Zot:5    | Noticed a Killer Klown
 45854 | Zot:5    | well
 45859 | Zot:5    | hm
 45860 | Zot:5    | Got the Orb of Zot
 46040 | Depths:1 | Noticed Ijyesuq the pandemonium lord
 46046 | Depths:1 | Killed Ijyesuq the pandemonium lord
 46444 | D:$      | Escaped with the Orb!

Levels and vault maps discovered:
D:1:      wheals_arrival_shading, layout_loops_corners, serial_bayou_crossing
D:2:      layout_basic, minmay_crystal_room, kennysheep_jessica_study,
          uniq_crazy_yiuf_cottage
D:3:      minmay_wonky_spiral, layout_basic, lemuel_doored_altar
D:4:      layout_basic, jmf_multi_god_temple2, minmay_temple_entry_glass,
          serial_shops, shop, gup_ossuary_entry_pyramid, minivault_5,
          uniq_eustachio
D:5:      layout_basic, serial_shops, nicolae_shop_advertising_works
          [nicolae_subvault_shop_adworks], fountainhead
D:6:      layout_layer_cave, kennysheep_mini, minmay_joined_circles,
          uniq_blork_the_orc
D:7:      layout_rooms, uniq_maurice
D:8:      layout_loops_ring, uniq_psyche
D:9:      layout_loops_ring, lair_entry_dummy, minmay_orc_entry_temple_small
D:10:     layout_gridville, nicolae_doodle_vault
D:11:     layout_rooms, nicolae_zen_rock_garden
D:12:     thingy_vault, layout_cave_pools, kennysheep_flooded_box,
          onia_ninara_dug_in_and_dangerous
D:13:     layout_basic, minmay_misc_feat_square, hangedman_decor_push,
          nicolae_transmutations_shop
D:14:     layout_long_grid, grunt_vaults_entry_fortified,
          hangedman_decor_diamond_cutter
D:15:     hangedman_depths_entry_civil_slaughter, layout_stronghold
Temple:   hc_temple_tempest_star
Lair:1:   layout_regular_city, nicolae_lair_liquid_snakes, grunt_megastairs_5
Lair:2:   minmay_lair_oklob_chamber, layout_chaotic_city, shoals_dummy_entry,
          alex1729_snake_entry_snake, serial_bayou, serial_bayou_lake_a,
          serial_bayou_pond_a, serial_bayou_pond_d, serial_bayou_ford_a,
          beast_lair_carwin_9
Lair:3:   layout_cave_pods, portal_ice_cave_entry_pillars_1
Lair:4:   layout_cave_pods, minmay_slime_entry_oklob_enclosed,
          nzn_ghost_randoct, special_room [special_room_mythical_zoo],
          uniq_sonja
Lair:5:   minmay_lair_end_enchanted_forest, layout_regular_city, st_stairs_10,
          pdpol_lair_cavern_descent, infiniplex_staircase_pool
Shoals:1: layout_shoals, nicolae_shoals_beach_cooler, uniq_nikola,
          uniq_mlioglotl, uniq_kirke
Shoals:2: layout_shoals
Shoals:3: layout_shoals, nicolae_shop_self_help, uniq_polyphemus
Shoals:4: shoals_end_hellmonk_storm_palace [storm_palace_center_circular,
          storm_palace_corner_reverse_hut, storm_palace_corner_reverse_hut,
          storm_palace_corner_narrow, storm_palace_corner_reverse_hut]
Snake:1:  layout_rooms, special_room, lemuel_fruit_tree
Snake:2:  layout_layer_cave, st_stairs_9, nicolae_custom_books, minmay_shop_star
Snake:3:  layout_chambers
Snake:4:  snake_pit, layout_chambers, serial_shops, shop,
          nicolae_shop_firing_range, minmay_shoptagon
Orc:1:    layout_caves, serial_shops, shop, minmay_orc_temple_b
Orc:2:    pf_orc_diabolical, layout_diamond_mine, serial_shops, shop_coins
Elf:1:    eino_elf_arrival_customs, layout_gridlike, serial_shops, shop,
          hangedman_corner_corridor, uniq_donald
Elf:2:    nicolae_elf_blades_crystal_corner, layout_geoelf_diagonals,
          uniq_asterion
Elf:3:    minmay_elf_hall_dome, layout_onion_city, serial_shops, shop,
          guppyfry_elf_lava
Vaults:1: nicolae_vaults_diamond_2, v_misc_26,
          hangedman_vaults_hard_town_square, vaults_dpeg_encased_lava,
          nicolae_vaults_ring_of_whatevers, grunt_vaults_funnel,
          ontoclasm_vaults_twist, ontoclasm_vaults_idyll, hangedman_vaults_trim,
          hangedman_vaults_stream, dpeg_vaults_monster_box,
          nicolae_vaults_tetromino_T_2, grunt_vaults_hallway_short,
          ontoclasm_vaults_shuriken, layout_vaults_omnicross, serial_shops, shop
Vaults:2: vaults_room_corners, nicolae_vaults_tetromino_Z_1,
          minmay_guarded_unrand_guard, vaults_mumra_hexcomb,
          vaults_dpeg_diagonal, vaults_mumra_lcd, v_misc_23,
          nicolae_vaults_shrinking_rooms_2, v_pattern_3, v_misc_8,
          nicolae_vaults_doubleplus_tesselated, ontoclasm_vaults_spin,
          ontoclasm_vaults_gateway, nicolae_vaults_cochlea,
          layout_vaults_omnibox
Vaults:3: minmay_crypt_entry_simple_round, hangedman_vaults_snaps,
          nicolae_vaults_ellipses_ellipsis, hangedman_vaults_trim,
          nicolae_vaults_little_squares_6, ontoclasm_vaults_pinch,
          grunt_vaults_twisty, nicolae_vaults_storing_the_good_stuff,
          layout_vaults_chaotic_city, enter_trove_6, serial_shops,
          nicolae_square_shop, nicolae_shop_bloodbath_and_beyond
Vaults:4: v_misc_17, hangedman_vaults_stagger, nicolae_vaults_steering_wheel,
          ontoclasm_vaults_ligature, nicolae_vaults_closet_pinwheel_1,
          v_alt_pattern_2, nicolae_vaults_angled_halls, lightli_orcish_oven,
          nicolae_vaults_offset_grid_hallway_1, nicolae_vaults_trapezoid_2,
          dpeg_vaults_monster_row, nicolae_vaults_apartment_1,
          layout_vaults_ring
Vaults:5
Crypt:1:  layout_chaotic_city, basic_altar, roderic_lattice_octagonal_star
Crypt:2:  layout_catacombs, basic_altar, gammafunk_ghost_split, uniq_grunn
Crypt:3:  grunt_crypt_end_deaths_head
Depths:1: layout_gridlike, grunt_hell_horde, chequers_serial_rivers_room_b,
          hangedman_devilish_allure, kennysheep_random_hallway
Depths:2: hangedman_elemental_death_ray, layout_cave_shapes, enter_ziggurat_f,
          pf_dread_powers_of_hell, nicolae_gozag_conspicuous_consumption,
          minmay_room_of_horrors, grunt_pan_entry_sceptre, hangedman_blasphemy,
          infiniplex_staircase_pool_2
Depths:3: minmay_the_grid_octo_tiled_squarecenter_mashed
          [minmay_the_grid_octo_clover_2, minmay_the_grid_octo_thin_diamonds,
          minmay_the_grid_octo_focus, minmay_the_grid_octo_empty,
          minmay_the_grid_square_5x5_megaprize_crossed,
          minmay_the_grid_square_5x5_trominoes,
          minmay_the_grid_square_5x5_two_small,
          minmay_the_grid_square_5x5_bracketed, minmay_the_grid_square_5x5_v],
          layout_long_grid, nrook_pool_corridor, hell_entry, abyss_entry,
          minmay_staircase_windowed_small
Depths:4: grunt_twist_and_shout, layout_small_grid, serial_sigils_hangedman_gut,
          hellmouth_1, uniq_jory, uniq_enchantress
Zot:1:    layout_gridville, grunt_megastairs_3
Zot:2:    layout_basic, regret_index_zotdec_banners
Zot:3:    layout_onion, regret_index_zotdec_obsidian_hm
Zot:4:    layout_onion, hangedman_zot_decor_unnerving_road, grunt_ministairs_13
Zot:5:    layout_gridlike, st_stairs_5

Action                     |  1- 3 |  4- 6 |  7- 9 | 10-12 | 13-15 | 16-18 | 19-21 | 22-24 | 25-27 || total
---------------------------+-------+-------+-------+-------+-------+-------+-------+-------+-------++-------
   Fire: Sling             |   130 |   266 |   740 |   791 |   723 |   396 |       |  1184 |   643 ||  4873
         Hand cannon       |       |       |       |    39 |   723 |  1370 |  1980 |  1488 |   643 ||  6243
  Throw: Throwing net      |       |       |       |     2 |       |       |       |       |       ||     2
         Dart              |       |       |       |       |       |     1 |     1 |       |       ||     2
 Invoke: Heroism           |       |       |       |     1 |     1 |       |     1 |     1 |     2 ||     6
         Receive Weapon    |       |       |       |     1 |       |       |       |       |       ||     1
         Receive Armour    |       |       |       |     1 |       |       |       |       |       ||     1
         Finesse           |       |       |       |       |     6 |    11 |    10 |     9 |     9 ||    45
Ability: Invent Gizmo      |       |       |       |       |     1 |       |       |       |       ||     1
  Evoke: Wand              |       |       |    11 |    13 |     2 |       |     1 |     1 |     1 ||    29
    Use: Scroll            |     1 |       |    14 |    16 |     5 |     6 |     7 |     6 |    16 ||    71
         Potion            |       |       |       |     4 |       |     1 |       |     5 |     4 ||    14
 Armour: Leather armour    |       |    64 |    74 |    56 |    88 |    52 |    48 |       |       ||   382
         Robe              |       |       |       |       |       |    20 |    33 |       |       ||    53
         Ring mail         |       |       |       |       |       |       |    34 |   167 |    10 ||   211
         Acid dragon scale |       |       |       |       |       |       |       |       |    80 ||    80
  Dodge: Dodged            |     3 |    53 |    73 |    75 |   120 |   137 |   251 |   417 |   276 ||  1405
         Repelled          |       |       |       |       |     4 |    27 |    41 |    20 |    25 ||   117
